PL
VANCOUVER GREY WOLVES @ GREENVILLE 84S
09/22/2037
 
TOP OF THE 1ST
Vancouver Grey Wolves batting - Pitching for Greenville 84s : RHP Júlio Valenzuela
Pitching: RHP Júlio Valenzuela
Batting: LHB Michael Malloy 0-0: Called Strike
0-1: Ball
1-1: SOLO HOME RUN (Flyball, 7LD, EV 91.9 MPH), Distance : 359 ft
Batting: LHB Johan Kroening 0-0: Foul Ball, location: 2F
0-1: Called Strike
0-2: Ground out 4-3 (Groundball, 4, EV 86.2 MPH)
Batting: RHB Oliver Villalva 0-0: Foul Ball, location: 2F
0-1: Ball
1-1: SINGLE (Line Drive, 6D, EV 95.0 MPH)
Batting: RHB Ray Skipworth 0-0: Ball
1-0: Swinging Strike
1-1: Ball
2-1: Ball
3-1: Base on Balls
Oliver Villalva to second
Batting: RHB Richard Jost 0-0: Called Strike
0-1: Ball
1-1: Fielders Choice at 2nd, 4-6 (Groundball, 4, EV 103.8 MPH)
Oliver Villalva to third
Batting: LHB José Román 0-0: Ball
1-0: Ball
2-0: Ball
3-0: Base on Balls
Richard Jost to second
Batting: RHB Ángelo Delgado 0-0: Ball
1-0: Ball
2-0: Fly out, F8 (Line Drive, 8RD, EV 110.0 MPH)
Top of the 1st over - 1 run, 2 hits, 0 errors, 3 left on base; Vancouver 1 - Greenville 0
BOTTOM OF THE 1ST
Greenville 84s batting - Pitching for Vancouver Grey Wolves : RHP Germán Rodríguez
Pitching: RHP Germán Rodríguez
Batting: RHB Jesús Torres 0-0: Swinging Strike
0-1: Foul Ball, location: 2F
0-2: Ball
1-2: TRIPLE (Flyball, 89XD, EV 89.4 MPH)
Batting: LHB Craig Morgan 0-0: Ball
1-0: Swinging Strike
1-1: TRIPLE (Line Drive, 89XD, EV 105.6 MPH)
Jesús Torres scores
Batting: LHB Tim Stinson 0-0: Ball
1-0: Ground out 5-3 (Groundball, 5, EV 80.6 MPH)
Batting: LHB Kanko Umaba 0-0: Swinging Strike
0-1: Ground out 4-3 (Groundball, 4M, EV 86.9 MPH)
Craig Morgan scores
Batting: RHB Doug Allerdale 0-0: Ball
1-0: Ball
2-0: Fly out, F8 (Flyball, 78M, EV 90.6 MPH)
Bottom of the 1st over - 2 runs, 2 hits, 0 errors, 0 left on base; Vancouver 1 - Greenville 2
TOP OF THE 2ND
Vancouver Grey Wolves batting - Pitching for Greenville 84s : RHP Júlio Valenzuela
Batting: RHB José de la Cavallería 0-0: Ball
1-0: Swinging Strike
1-1: Foul Ball, location: 2F
1-2: Strikes out swinging
Batting: RHB Komotay Koffie 0-0: Swinging Strike
0-1: Ball
1-1: Foul Ball, location: 2F
1-2: Fly out, F8 (Flyball, 78M, EV 77.5 MPH)
Batting: LHB Michael Malloy 0-0: Foul Ball, location: 2F
0-1: Ground out 5-3 (Groundball, 5, EV 91.2 MPH)
Top of the 2nd over - 0 runs, 0 hits, 0 errors, 0 left on base; Vancouver 1 - Greenville 2
BOTTOM OF THE 2ND
Greenville 84s batting - Pitching for Vancouver Grey Wolves : RHP Germán Rodríguez
Batting: LHB Danny Trautmann 0-0: Swinging Strike
0-1: Called Strike
0-2: Strikes out looking
Batting: RHB José Torres 0-0: Called Strike
0-1: Foul Ball, location: 2F
0-2: Foul Ball, location: 2F
0-2: Foul Ball, location: 2F
0-2: Ball
1-2: SOLO HOME RUN (Flyball, 7LD, EV 102.5 MPH), Distance : 348 ft
Batting: LHB Yu Miao 0-0: Called Strike
0-1: Ball
1-1: Swinging Strike
1-2: Strikes out looking
Batting: RHB Giobbe Bastedo 0-0: Ball
1-0: Called Strike
1-1: Swinging Strike
1-2: Ball
2-2: Strikes out swinging
Bottom of the 2nd over - 1 run, 1 hit, 0 errors, 0 left on base; Vancouver 1 - Greenville 3
TOP OF THE 3RD
Vancouver Grey Wolves batting - Pitching for Greenville 84s : RHP Júlio Valenzuela
Batting: LHB Johan Kroening 0-0: Ground out 4-3 (Groundball, 4M, EV 81.9 MPH)
Batting: RHB Oliver Villalva 0-0: Ground out 6-3 (Groundball, 56, EV 109.4 MPH)
Batting: RHB Ray Skipworth 0-0: Ball
1-0: Swinging Strike
1-1: Foul Ball, location: 2F
1-2: Ball
2-2: Foul Ball, location: 2F
2-2: Strikes out swinging
Top of the 3rd over - 0 runs, 0 hits, 0 errors, 0 left on base; Vancouver 1 - Greenville 3
BOTTOM OF THE 3RD
Greenville 84s batting - Pitching for Vancouver Grey Wolves : RHP Germán Rodríguez
Batting: RHB Jesús Torres 0-0: Called Strike
0-1: Ball
1-1: Ball
2-1: SINGLE (Line Drive, 7LS, EV 105.0 MPH)
Batting: LHB Craig Morgan 0-0: Swinging Strike
0-1: Ball
1-1: Ball
2-1: Ball
3-1: Fielders Choice at 2nd, 1-6 (Groundball, 13, EV 85.0 MPH)
Batting: LHB Tim Stinson 0-0: Called Strike
Craig Morgan steals 2nd base
0-1: Ball
1-1: Foul Ball, location: 2F
1-2: SINGLE (Groundball, 34D, EV 103.8 MPH)
Craig Morgan to third
Runner from 3rd tries for Home, SAFE, throw by RF to home
Batting: LHB Kanko Umaba 0-0: Ball
1-0: Foul Ball, location: 2F
1-1: Called Strike
1-2: Foul Ball, location: 2F
1-2: Ball
2-2: Strikes out swinging
Batting: RHB Doug Allerdale 0-0: Called Strike
0-1: Foul Ball, location: 2F
0-2: Ball
1-2: Foul Ball, location: 2F
1-2: Strikes out swinging
Bottom of the 3rd over - 1 run, 2 hits, 0 errors, 1 left on base; Vancouver 1 - Greenville 4
TOP OF THE 4TH
Vancouver Grey Wolves batting - Pitching for Greenville 84s : RHP Júlio Valenzuela
Batting: RHB Richard Jost 0-0: Ball
1-0: Ground out 4-3 (Groundball, 4, EV 105.0 MPH)
Batting: LHB José Román 0-0: Called Strike
0-1: Ball
1-1: Ball
2-1: Called Strike
2-2: Strikes out looking
Batting: RHB Ángelo Delgado 0-0: Ball
1-0: Ball
2-0: Called Strike
2-1: Swinging Strike
2-2: Ball
3-2: DOUBLE (Flyball, 89XD, EV 105.6 MPH)
Batting: RHB José de la Cavallería 0-0: Called Strike
0-1: Ball
1-1: Swinging Strike
1-2: Strikes out swinging
Top of the 4th over - 0 runs, 1 hit, 0 errors, 1 left on base; Vancouver 1 - Greenville 4
BOTTOM OF THE 4TH
Greenville 84s batting - Pitching for Vancouver Grey Wolves : RHP Germán Rodríguez
Batting: LHB Danny Trautmann 0-0: Foul Ball, location: 2F
0-1: Fly out, F8 (Flyball, 78S, EV 77.5 MPH)
Batting: RHB José Torres 0-0: Swinging Strike
0-1: Ball
1-1: Fly out, F8 (Flyball, 78XD, EV 102.5 MPH)
Batting: LHB Yu Miao 0-0: Ball
1-0: Called Strike
1-1: Called Strike
1-2: DOUBLE (Line Drive, 7LM, EV 110.6 MPH)
Batting: RHB Giobbe Bastedo 0-0: Ball
1-0: Swinging Strike
1-1: Swinging Strike
1-2: Foul Ball, location: 2F
1-2: Strikes out swinging
Bottom of the 4th over - 0 runs, 1 hit, 0 errors, 1 left on base; Vancouver 1 - Greenville 4
TOP OF THE 5TH
Vancouver Grey Wolves batting - Pitching for Greenville 84s : RHP Júlio Valenzuela
Batting: RHB Komotay Koffie 0-0: Called Strike
0-1: Foul Ball, location: 2F
0-2: Fly out, F8 (Flyball, 78D, EV 92.5 MPH)
Batting: LHB Michael Malloy 0-0: Foul Ball, location: 2F
0-1: Foul Ball, location: 2F
0-2: Ball
1-2: Ball
2-2: Ball
3-2: Fly out, F7 (Flyball, 7, EV 90.0 MPH)
Batting: LHB Johan Kroening 0-0: Ball
1-0: Swinging Strike
1-1: Swinging Strike
1-2: Ball
2-2: Strikes out swinging
Top of the 5th over - 0 runs, 0 hits, 0 errors, 0 left on base; Vancouver 1 - Greenville 4
BOTTOM OF THE 5TH
Greenville 84s batting - Pitching for Vancouver Grey Wolves : RHP Germán Rodríguez
Batting: RHB Jesús Torres 0-0: Ball
1-0: Foul Ball, location: 2F
1-1: Fly out, F5 (Line Drive, 5, EV 71.2 MPH)
Batting: LHB Craig Morgan 0-0: Foul Ball, location: 2F
0-1: Ball
1-1: Ball
2-1: Fly out, F9 (Flyball, 9LS, EV 95.0 MPH)
Batting: LHB Tim Stinson 0-0: Called Strike
0-1: Swinging Strike
0-2: Ball
1-2: Strikes out swinging
Bottom of the 5th over - 0 runs, 0 hits, 0 errors, 0 left on base; Vancouver 1 - Greenville 4
TOP OF THE 6TH
Vancouver Grey Wolves batting - Pitching for Greenville 84s : RHP Júlio Valenzuela
Batting: RHB Oliver Villalva 0-0: Ball
1-0: Fly out, F9 (Line Drive, 9D, EV 103.8 MPH)
Batting: RHB Ray Skipworth 0-0: Ball
1-0: Ball
2-0: Called Strike
2-1: Called Strike
2-2: Strikes out looking
Batting: RHB Richard Jost 0-0: Ball
1-0: Ball
2-0: SINGLE (Line Drive, 89M, EV 105.6 MPH)
Batting: LHB José Román 0-0: Swinging Strike
0-1: Ball
1-1: Ball
2-1: Swinging Strike
2-2: Strikes out swinging
Top of the 6th over - 0 runs, 1 hit, 0 errors, 1 left on base; Vancouver 1 - Greenville 4
BOTTOM OF THE 6TH
Greenville 84s batting - Pitching for Vancouver Grey Wolves : RHP Germán Rodríguez
Batting: LHB Kanko Umaba 0-0: Ground out 5-3 (Groundball, 56S, EV 87.5 MPH)
Batting: RHB Doug Allerdale 0-0: Ball
1-0: Called Strike
1-1: Ground out 6-3 (Groundball, 6, EV 86.9 MPH)
Batting: LHB Danny Trautmann 0-0: Ball
1-0: Ball
2-0: Ball
3-0: Called Strike
3-1: Foul Ball, location: 2F
3-2: Foul Ball, location: 2F
3-2: SINGLE (Line Drive, 78S, EV 106.9 MPH)
Batting: RHB José Torres 0-0: Called Strike
0-1: Ball
1-1: Ball
2-1: Called Strike
2-2: Foul Ball, location: 2F
2-2: SINGLE (Groundball, 34D, EV 101.9 MPH)
Danny Trautmann to second
Runner from 2nd tries for 3rd, SAFE, throw by RF made to third
Pitching: RHP Hiroaki Kouda
Batting: LHB Yu Miao 0-0: Ball
1-0: Ball
2-0: Swinging Strike
2-1: Called Strike
2-2: Foul Ball, location: 2F
2-2: Strikes out looking
Bottom of the 6th over - 0 runs, 2 hits, 0 errors, 2 left on base; Vancouver 1 - Greenville 4
TOP OF THE 7TH
Vancouver Grey Wolves batting - Pitching for Greenville 84s : RHP Júlio Valenzuela
Pitching: RHP Neil Franson
Batting: RHB Ángelo Delgado 0-0: Foul Ball, location: 2F
0-1: Ball
1-1: Swinging Strike
1-2: Fly out, F3 (Popup, 3S, EV 71.2 MPH)
Batting: RHB José de la Cavallería 0-0: Foul Ball, location: 2F
0-1: Called Strike
0-2: Ball
1-2: Ground out 6-3 (Groundball, 6, EV 108.1 MPH)
Batting: RHB Komotay Koffie 0-0: Foul Ball, location: 2F
0-1: Called Strike
0-2: Ball
1-2: Foul Ball, location: 2F
1-2: Ball
2-2: Strikes out looking
Top of the 7th over - 0 runs, 0 hits, 0 errors, 0 left on base; Vancouver 1 - Greenville 4
BOTTOM OF THE 7TH
Greenville 84s batting - Pitching for Vancouver Grey Wolves : RHP Hiroaki Kouda
Batting: RHB Giobbe Bastedo 0-0: Ball
1-0: SINGLE (Line Drive, 4MD, EV 95.0 MPH)
Batting: RHB Jesús Torres 0-0: Called Strike
Giobbe Bastedo steals 2nd base (no throw)
0-1: Ball
1-1: Ground out 6-3 (Groundball, 6, EV 86.9 MPH)
Giobbe Bastedo to third
Batting: LHB Craig Morgan 0-0: Called Strike
0-1: Ball
1-1: Ball
2-1: Swinging Strike
2-2: Fly out, F8 (Flyball, 8LXD, EV 96.2 MPH)
Runner from 3rd tags up, SCORES, no throw by CF
Batting: LHB Tim Stinson 0-0: Ball
1-0: Called Strike
1-1: Ball
2-1: Fly out, F9 (Flyball, 9, EV 89.4 MPH)
Bottom of the 7th over - 1 run, 1 hit, 0 errors, 0 left on base; Vancouver 1 - Greenville 5
TOP OF THE 8TH
Vancouver Grey Wolves batting - Pitching for Greenville 84s : RHP Neil Franson
Batting: LHB Michael Malloy 0-0: Foul Ball, location: 2F
0-1: Foul Ball, location: 2F
0-2: Fly out, F9 (Flyball, 9LSF, EV 88.1 MPH)
Batting: LHB Johan Kroening 0-0: Fly out, F9 (Flyball, 89M, EV 87.5 MPH)
Batting: RHB Oliver Villalva 0-0: Ball
1-0: Ball
2-0: Ball
3-0: Called Strike
3-1: DOUBLE (Flyball, 8RXD, EV 102.5 MPH)
Batting: RHB Ray Skipworth 0-0: Ball
1-0: Ball
2-0: Called Strike
2-1: Swinging Strike
2-2: Ball
3-2: Foul Ball, location: 2F
3-2: Strikes out swinging
Top of the 8th over - 0 runs, 1 hit, 0 errors, 1 left on base; Vancouver 1 - Greenville 5
BOTTOM OF THE 8TH
Greenville 84s batting - Pitching for Vancouver Grey Wolves : RHP Hiroaki Kouda
Batting: LHB Kanko Umaba 0-0: Called Strike
0-1: Ball
1-1: Foul Ball, location: 2F
1-2: Strikes out swinging
Batting: RHB Doug Allerdale 0-0: Fly out, F7 (Flyball, 7D, EV 99.4 MPH)
Batting: LHB Danny Trautmann 0-0: Ball
1-0: Called Strike
1-1: Called Strike
1-2: Strikes out swinging
Bottom of the 8th over - 0 runs, 0 hits, 0 errors, 0 left on base; Vancouver 1 - Greenville 5
TOP OF THE 9TH
Vancouver Grey Wolves batting - Pitching for Greenville 84s : RHP Neil Franson
Batting: RHB Richard Jost 0-0: Called Strike
0-1: Swinging Strike
0-2: SINGLE (Groundball, 5D, EV 106.9 MPH)
Batting: LHB José Román 0-0: Foul Ball, location: 2F
0-1: Ball
1-1: Ball
2-1: Foul Ball, location: 2F
2-2: Fly out, F5 (Popup, 5SF, EV 78.1 MPH)
Batting: RHB Ángelo Delgado 0-0: Foul Ball, location: 2F
0-1: Ball
Wild Pitch!
Richard Jost to second
1-1: Ball
2-1: Ball
3-1: SINGLE (Line Drive, 5D, EV 98.1 MPH)
Richard Jost to third
Batting: RHB José de la Cavallería 0-0: Ball
1-0: Called Strike
1-1: Called Strike
1-2: Ball
2-2: Ball
3-2: Foul Ball, location: 2F
3-2: Foul Ball, location: 2F
3-2: Strikes out swinging
Batting: RHB Komotay Koffie 0-0: Fly out, F8 (Line Drive, 8LM, EV 95.0 MPH)
Top of the 9th over - 0 runs, 2 hits, 0 errors, 2 left on base; Vancouver 1 - Greenville 5
Thursday, January 23rd, 2020 - OOTP Baseball 20.8 Build 74